AoeStats
← ivcrk826

Arabia

505440202Analyzed
1v1 RM · 23d ago on Sep 9, 2026· 39m 2s· 2 players
Game mode
Random Map
Map size
Tiny (2 player)
Population
200
Speed
Normal
Resources
Standard
Victory
Conquest
Starting age
Dark Age
Ending age
Imperial Age
RankedLock teamsTeams togetherTeam positionsShared explorationLock speedFull tech treeHidden civsTurbo modeCheats
Victory
Defeat
🇦🇷 Japanese · Argentina
1171
+14
🇩🇪 Malians · Germany
1135
-14
Yng_Triceratops
6:24 Loom
8:56 Feudal Age
10:50 Double-Bit Axe
13:34 Fletching
15:22 Padded Archer Armor
26:08 Castle Age
26:03 Scale Barding Armor
35:11 Chain Barding Armor
38:19 Bloodlines
ivcrk826
6:28 Loom
9:28 Feudal Age
9:45 Man-at-Arms
15:38 Fletching
26:12 Castle Age
24:36 Double-Bit Axe
25:33 Bloodlines
25:39 Forging
31:13 Bodkin Arrow
33:12 Husbandry
36:06 Ballistics
38:40 Thumb Ring
Connection lost

Rejoining the realm…

Still unreachable

The connection could not be restored.

Session expired

The server has moved on; the page needs a fresh start.